 Dungeon Sprint DCSS version 0.27.1 (webtiles) character file.

Game seed: 7859786464994496290

4918 styxcanada the Imperceptible (level 10, -2/55 HPs)
             Began as a Spriggan Brigand on Aug 27, 2021.
             Was an Initiate of Gozag.
             Slain by a spriggan rider (5 damage)
             ... in the Dungeon (Sprint IV: "Fedhas' Mad Dash").
             The game lasted 00:08:24 (1204 turns).

styxcanada the Imperceptible (Spriggan Brigand)     Turns: 1204, Time: 00:08:25

Health: -2/55      AC:  3    Str:  7    XL:     10   Next: 27%
Magic:  11/11      EV: 25    Int: 14    God:    Gozag
Gold:   1606       SH:  0    Dex: 19    Spells: 9/9 levels left

rFire    . . .     SeeInvis +   o - +4 dagger (venom)
rCold    . . .     Faith    .   (shield restricted)
rNeg     . . .     Spirit   .   b - +0 robe
rPois    .         Reflect  .   (helmet restricted)
rElec    .         Harm     .   c - +0 cloak
rCorr    .         Rampage  .   (gloves unavailable)
Will     +....     NoTele   +   (boots unavailable)
Stlth    +++++++++.             l - amulet of invisibility {+Inv}
HPRegen  0.18/turn              (no ring)
MPRegen  0.12/turn              (no ring)

@: very slightly contaminated, invisible, very quick
A: very small, no large weapons, unfitting armour, see invisible, speed 3
a: Renounce Religion, Evoke Invisibility, Potion Petition, Call Merchant, Bribe
Branch


You were in the Dungeon.
You worshipped Gozag.
Gozag was most pleased with you.
You visited 1 branch You collected 2132 gold pieces.
You spent 526 gold pieces at shops.

Inventory:

Hand Weapons
 a - a +2 dagger
 o - a +4 dagger of venom (weapon)
 p - a +0 hunting sling
Missiles
 d - 5 poisoned darts (quivered)
 e - 2 curare-tipped darts
 m - 22 stones
Armour
 b - a +0 robe (worn)
 c - a +0 cloak (worn)
Jewellery
 l - the amulet of invisibility (around neck) {+Inv}
   (You found it in the Dungeon)

   [amulet of nothing]

   +Inv:      It lets you turn invisible.
Scrolls
 k - a scroll of blinking
Potions
 f - 3 potions of curing
 g - 2 potions of heal wounds
 h - a potion of haste
 i - 2 potions of magic
 j - a potion of berserk rage
 r - 2 potions of might
Miscellaneous
 u - a tin of tremorstones (2/2)


   Skills:
 * Level 7.0 Fighting
 + Level 5.6 Short Blades
 + Level 5.5 Throwing
 * Level 10.6 Dodging
 * Level 24.6 Stealth
 * Level 12.4 Evocations


You had 9 spell levels left.
You didn't know any spells.
Your spell library contained the following spells:

 Spells                   Type           Power      Damage    Failure   Level
 Corpse Rot               Necr/Air       N/A        N/A       41%         2
 Poisonous Vapours        Pois/Air       0%         N/A       41%         2
 Freezing Cloud           Conj/Ice/Air   0%         6-21      100%        5


Dungeon Overview and Level Annotations

Branches:
Dungeon (1/1)

Altars:
Cheibriados
Dithmenos
Elyvilon
Gozag
Hepliaklqana
Kikubaaqudgha
Makhleb
Nemelex Xobeh
Okawaru
Qazlal
Ru
Sif Muna
Trog
Uskayaw
Vehumet
Wu Jian
Xom
Yredelemnul
Zin
The Shining One
Beogh
Jiyva
Lugonu

Shops:
D (*!(*


Innate Abilities, Weirdness & Mutations

You are very small and have problems with some larger weapons.
You are too small for most types of armour.
You have supernaturally acute eyesight. (SInv)
You cover ground extremely quickly. (Speed+++)


Message History

You hit the spriggan.
The spriggan looks as sick as possible!
The spriggan is severely wounded.
The spriggan rider completely misses you.
The spriggan misses you.
You hit the spriggan.
You kill the spriggan!
You hit the spriggan.
The spriggan is poisoned.
The spriggan is lightly wounded.
The spriggan rider hits you from afar with a +0 spear!
* * * LOW HITPOINT WARNING * * *
The spriggan hits you with a +0 rapier!
* * * LOW HITPOINT WARNING * * *
There is an open door, spattered with blood here.
You see here 25 arrows.
You see here a +0 robe.
Throw: 8 darts (poison)
Press: ? - help, Q - select action, (/) - cycle Shift-Dir - straight line, f - spriggan rider
Aim: a spriggan rider, wielding a +0 spear and wearing a +0 buckler (42% to hit)
You throw a poisoned dart.
The poisoned dart hits the spriggan rider!
The spriggan rider is poisoned.
The spriggan rider misses you.
There is an open door here.
You see here a +1 great sword of holy wrath.
Throw: 7 darts (poison)
Press: ? - help, Q - select action, (/) - cycle Shift-Dir - straight line, f/p - spriggan rider
Aim: a spriggan rider, wielding a +0 spear and wearing a +0 buckler (lightly wounded, very poisoned, 42% to hit)
You throw a poisoned dart.
The poisoned dart misses the spriggan rider.
The poisoned dart hits the spriggan.
The spriggan looks even sicker.
The spriggan is lightly wounded.
There is an open door here.
Throw: 6 darts (poison)
Press: ? - help, Q - select action, (/) - cycle Shift-Dir - straight line, f - spriggan
Aim: a spriggan, wielding a +0 rapier and wearing a +0 robe (lightly wounded, very poisoned, 42% to hit)
You throw a poisoned dart.
The poisoned dart barely misses the spriggan.
The spriggan rider hits you from afar with a +0 spear.
You die...
Your body crumbles into a pile of gold.

...#.⌠._._._._.⌠.#..'.))#....##∩#
.(.'.._._._._._..'..#...#....'.[#
...#..._._._._...#..###'##..[##∩#
#'##.._._._._._..#..##∩∩.'...####
...#._._._._._.⌠.################
...###################....).###..
####♣♣♣♣♣..♣.###.i.i(..(.([('.$..
.|'......♣..♣##..#..#.P.....#####
..#♣..♣♣♣.♣).###@##+##.P....#
..#.♣♣..♣...♣'...# ########
##################


You could see a spriggan rider (very poisoned).

Vanquished Creatures
  A spriggan druid (D)
  6 oklob plants (D)
  A demonic crawler (D)
  A queen bee (D)
  3 wandering mushrooms (D)
  3 burning bushes (D)
  3 scorpions (D)
  4 killer bees (D)
  5 oklob saplings (D)
  3 spriggans (D)
  A river rat (D)
  A rat (D)
  A ballistomycete spore (D)
33 creatures vanquished.

Vanquished Creatures (others)
  A fungus (D)
1 creature vanquished.

Grand Total: 34 creatures vanquished

Notes
Turn   | Place    | Note
-------+----------+-------------------------------------------
     0 | D        | styxcanada the Spriggan Brigand began the quest for the
                  | Orb.
     0 | D        | Reached XP level 1. HP: 10/10 MP: 2/2
    15 | D        | Reached skill level 7 in Stealth
    15 | D        | Reached XP level 2. HP: 2/15 MP: 3/3
   302 | D        | Noticed an oklob sapling
   304 | D        | Killed an oklob sapling
   305 | D        | Reached skill level 9 in Stealth
   305 | D        | Reached XP level 3. HP: 18/18 MP: 4/4
   306 | D        | Noticed a scorpion
   306 | D        | Found the amulet of invisibility {+Inv}
   308 | D        | Killed a scorpion
   309 | D        | Reached skill level 12 in Stealth
   309 | D        | Reached XP level 4. HP: 23/23 MP: 5/5
   331 | D        | Found an opulent altar of Gozag.
   331 | D        | Found a hazy altar of Hepliaklqana.
   331 | D        | Found a burning altar of Makhleb.
   331 | D        | Found a sparkling altar of Nemelex Xobeh.
   331 | D        | Found a snail-covered altar of Cheibriados.
   331 | D        | Found a sacrificial altar of Ru.
   331 | D        | Found a shimmering blue altar of Sif Muna.
   331 | D        | Found a shimmering altar of Xom.
   331 | D        | Found a basalt altar of Yredelemnul.
   332 | D        | Found a viscous altar of Jiyva.
   332 | D        | Found a bloodstained altar of Trog.
   332 | D        | Found an ornate altar of the Wu Jian Council.
   333 | D        | Found an iron altar of Okawaru.
   333 | D        | Found a shadowy altar of Dithmenos.
   333 | D        | Found a glowing silver altar of Zin.
   334 | D        | Found an ancient bone altar of Kikubaaqudgha.
   334 | D        | Found a hide-covered altar of Uskayaw.
   335 | D        | Found a stormy altar of Qazlal.
   335 | D        | Found a white marble altar of Elyvilon.
   335 | D        | Found a glowing golden altar of the Shining One.
   336 | D        | Became a worshipper of Gozag Ym Sagoz the Greedy
   337 | D        | Found a corrupted altar of Lugonu.
   337 | D        | Found a radiant altar of Vehumet.
   341 | D        | Reached skill level 13 in Stealth
   341 | D        | Reached XP level 5. HP: 28/28 MP: 3/6
   378 | D        | Reached skill level 5 in Dodging
   384 | D        | Reached skill level 14 in Stealth
   385 | D        | Reached skill level 15 in Stealth
   387 | D        | Reached XP level 6. HP: 32/32 MP: 5/7
   415 | D        | Found Nimiamiz's General Store.
   416 | D        | Found Fymibumi's Weapon Emporium.
   421 | D        | Bought a +4 dagger of venom for 317 gold pieces
   439 | D        | Found the +15 Maxwell's patent armour {-Cast -Tele rElec
                  | Will+ rCorr}
   439 | D        | Noticed a burning bush
   439 | D        | Noticed a wandering mushroom
   440 | D        | Noticed a wandering mushroom
   443 | D        | Killed a burning bush
   444 | D        | Reached skill level 17 in Stealth
   444 | D        | Reached skill level 5 in Evocations
   444 | D        | Killed a wandering mushroom
   445 | D        | Reached skill level 18 in Stealth
   445 | D        | Reached XP level 7. HP: 38/38 MP: 5/8
   445 | D        | Killed a wandering mushroom
   446 | D        | Reached skill level 5 in Throwing
   446 | D        | Reached skill level 19 in Stealth
   463 | D        | Found Jutayssess's Weapon Emporium.
   463 | D        | Found Xacarchux's Distillery.
   467 | D        | Identified the +1 scale mail of Insecurity {rN+ Will+}
   469 | D        | Bought 2 potions of might for 88 gold pieces
   469 | D        | Bought a potion of curing for 33 gold pieces
   469 | D        | Bought a potion of curing for 33 gold pieces
   469 | D        | Bought a potion of heal wounds for 55 gold pieces
   509 | D        | Reached XP level 8. HP: 42/42 MP: 6/9
   515 | D        | Noticed a queen bee
   521 | D        | Killed a queen bee
   522 | D        | Reached skill level 5 in Fighting
   523 | D        | Reached skill level 20 in Stealth
   571 | D        | Noticed an oklob plant
   574 | D        | Killed an oklob plant
   575 | D        | Reached skill level 21 in Stealth
   607 | D        | Noticed a burning bush
   611 | D        | Killed a burning bush
   612 | D        | Reached XP level 9. HP: 48/48 MP: 10/10
   655 | D        | Noticed a burning bush
   655 | D        | Noticed an oklob plant
   656 | D        | Noticed a wandering mushroom
   657 | D        | Killed a burning bush
   662 | D        | Killed an oklob plant
   663 | D        | Reached skill level 5 in Short Blades
   663 | D        | Reached skill level 22 in Stealth
   663 | D        | Reached skill level 10 in Evocations
   666 | D        | Killed a wandering mushroom
   747 | D        | Noticed a spriggan druid
   749 | D        | Killed a spriggan druid
   750 | D        | Reached skill level 23 in Stealth
   934 | D        | Noticed an oklob plant conjurer
   935 | D        | Killed an oklob plant conjurer
   936 | D        | Reached skill level 10 in Dodging
   998 | D        | Noticed an oklob plant
   998 | D        | Noticed an oklob plant summoner
   999 | D        | Noticed an oklob plant shifter
  1003 | D        | Killed an oklob plant
  1004 | D        | Reached XP level 10. HP: 53/53 MP: 8/11
  1005 | D        | Killed an oklob plant summoner
  1006 | D        | Reached skill level 24 in Stealth
  1008 | D        | Killed an oklob plant shifter
  1175 | D        | Noticed a spriggan rider
  1176 | D        | Found Aluol's General Store.
  1187 | D        | HP: 1/55 [spriggan (11)]
  1204 | D        | Slain by a spriggan rider

Illustrated notes

Levels and vault maps discovered:
D:        dungeon_sprint_fedhas [sprint_temple]

Skill      XL: |  1  2  3  4  5  6  7  8  9 10 |
---------------+-------------------------------+-----
Dodging        | 2 3 4 5 7 9 10 | 10.6
Stealth        | 7 9 12 13 15 18 19 21 23 24 | 24.6
Fighting       | 2 3 4 5 6 7 |  7.0
Throwing       | 3 4 5 |  5.5
Short Blades   | 3 4 5 |  5.6
Evocations     | 2 3 6 9 11 12 | 12.4

Action                   |  1- 3 |  4- 6 |  7- 9 | 10-12 || total
-------------------------+-------+-------+-------+-------++-------
Melee: Dagger            |     3 |     7 |    22 |    11 ||    43
Throw: Dart              |     8 |       |       |     3 ||    11
 Abil: Evoke Invisibilit |       |     3 |     6 |     1 ||    10
  Use: Scroll            |       |       |     5 |       ||     5
 Stab: Sleeping          |     3 |     7 |    13 |     3 ||    26
       Invisible         |       |       |     4 |       ||     4
Dodge: Dodged            |       |       |     7 |     8 ||    15
